 Dungeon Crawl Stone Soup version 0.18.1-8-gdd0e5ea (webtiles) character file.

10293 protoss039 the Basher (level 11, -24/66 HPs)
             Began as a Gargoyle Fighter on May 30, 2016.
             Was a High Priest of Lugonu.
             Annihilated by Rupert
             ... wielding a +2 battleaxe of electrocution
              (32 damage)
             ... on level 12 of the Dungeon.
             The game lasted 01:12:21 (11748 turns).

protoss039 the Basher (Gargoyle Fighter)           Turns: 11748, Time: 01:12:21

Health: -24/66     AC: 22    Str: 23    XL:     11   Next: 59%
Magic:  4/14       EV:  5    Int:  7    God:    Lugonu [*****.]
Gold:   338        SH: 11    Dex:  9    Spells: 0 memorised, 10 levels left

rFire  + . .     SeeInvis +     F - +4 scimitar (flame)
rCold  + . .     Gourm    .     D - +0 plate armour
rNeg   + . .     Faith    +     c - +0 shield
rPois  ∞         Spirit   .     (helmet restricted)
rElec  +         Dismiss  .     m - +0 cloak
rCorr  .         Reflect  .     (no gloves)
SustAt .         Harm     .     (no boots)
MR     .....                    j - amulet of faith
Stlth  ..........               z - ring of protection from cold
                                q - ring of see invisible

@: about to teleport, very slightly contaminated, invisible, not resistant to
hostile enchantments, extremely unstealthy
A: beak, horns 1, camouflage 1, blink, dopey 1, fire resistance 1, negative
energy resistance 1, electricity resistance, unbreathing, petrification
resistance, rot immunity, AC +7
a: Blink, Depart the Abyss, Bend Space, Banish, Corrupt, Enter the Abyss,
Renounce Religion


You were on level 12 of the Dungeon.
You worshipped Lugonu.
Lugonu was extremely pleased with you.
You were not hungry.

You visited 2 branches of the dungeon, and saw 13 of its levels.
You visited the Abyss 1 time.
You also visited: Sewer.

You collected 534 gold pieces.
You spent 196 gold pieces at shops.

Inventory:

Hand Weapons
 y - a +0 vampiric dire flail
 F - a +4 scimitar of flaming (weapon)
 K - a +1 dire flail
Armour
 c - a +0 shield (worn)
 m - a +0 cloak (worn)
 D - a +0 plate armour (worn)
Jewellery
 j - an amulet of faith (around neck)
 q - a ring of see invisible (left hand)
 z - a ring of protection from cold (right hand)
 L - an uncursed ring of fire
 P - an uncursed ring of ice
Wands
 B - a wand of slowing (10/48)
 E - a wand of enslavement (8/24)
 G - a wand of flame (13/48)
Scrolls
 b - a scroll of identify
 e - 2 scrolls of teleportation
 g - 4 scrolls of remove curse
 h - 2 scrolls of immolation
 r - a scroll of acquirement {unknown}
 s - 2 scrolls of fear
 v - 2 scrolls of enchant armour
 H - 2 scrolls of enchant weapon
 I - 2 scrolls of brand weapon {unknown}
Potions
 d - 2 potions of might
 i - 6 potions of curing
 l - 2 potions of flight {unknown}
 p - 2 potions of lignification
 w - a potion of agility
 C - 2 potions of magic {unknown}
 J - a potion of resistance {unknown}
 M - a potion of degeneration {unknown}
Books
 N - a book of the Warp

   Spells                             Type                      Level
   a - Recall                         Summoning/Translocation      3
   b - Gell's Gravitas                Hexes/Translocation          3
   c - Force Lance                    Conjuration/Translocation    4
   d - Warp Weapon                    Charms/Translocation         5
   e - Summon Forest                  Summoning/Translocation      5
 O - a book of Death

   Spells                             Type                      Level
   a - Corpse Rot                     Necromancy                   2
   b - Sublimation of Blood           Necromancy                   2
   c - Agony                          Necromancy                   5
   d - Dispel Undead                  Necromancy                   5
   e - Excruciating Wounds            Charms/Necromancy            5
   f - Bolt of Draining               Conjuration/Necromancy       5
Comestibles
 a - 2 chunks of flesh
 f - 12 bread rations
 n - 7 slices of pizza
 u - 4 fruits


   Skills:
 - Level 6.8 Fighting
 - Level 0.1 Long Blades
 * Level 13.3 Maces & Flails
 * Level 8.1 Armour
 - Level 7.7 Shields
 * Level 5.0 Invocations
 + Level 0.5 Evocations


You had 10 spell levels left.
You didn't know any spells.

Dungeon Overview and Level Annotations

Branches:
Dungeon (12/15)            Temple (1/1) D:6            Lair (0/8) D:10
    Orc (0/2) D:10

Altars:
Ashenzari
Cheibriados
Dithmenos
Elyvilon
Fedhas
Gozag
Kikubaaqudgha
Makhleb
Nemelex Xobeh
Okawaru
Pakellas
Qazlal
Ru
Sif Muna
Trog
Vehumet
Xom
Yredelemnul
Zin
The Shining One

Shops:
D:6 *   D:10 %

Annotations:
D:12 Rupert; ThereIsNoGod's ghost, journeyman VSMo; manyhoops's ghost, journeyman OgBe


Innate Abilities, Weirdness & Mutations

You are resistant to torment.
Your stone body is resilient (AC +7).
You are immune to poison.
You resist negative energy.
You are resistant to electric shocks.
You can survive without breathing.
You are immune to petrification.
You are immune to rotting.
You have a beak for a mouth.
You have a pair of small horns on your head.
Your skin changes colour to match your surroundings (Stealth).
You can translocate small distances at will.
You are dopey. (Int -2)
Your flesh is heat resistant.


Message History

Your shield and plate armour prevent you from hitting Rupert.
Rupert is lightly wounded.
Rupert hits you with a battleaxe of electrocution!
* * * LOW HITPOINT WARNING * * *
You block Rupert's attack.
As you read the scroll of fear, it crumbles to dust.
You assume a fearsome visage.
Rupert resists with almost no effort.
The adder looks frightened!
You feel yourself slow down.
Some of the chunks of flesh in your inventory have rotted away.
Manyhoops's ghost (journeyman Ogre Berserker) comes into view.
It is wielding a weapon of flaming.
Unknown command.
Unknown command.
Press: ? - help, v - describe, . - travel
Here: Rupert, wielding a battleaxe of electrocution and wearing a ring mail (lightly wounded, berserk, fast, unusually strong)
The floor.
As you read the scroll of teleportation, it crumbles to dust.
You feel strangely unstable.
Rupert hits you with a battleaxe of electrocution!!
You die...

.........#
.........#
.........#
.........#
.........#
...W.....#
#####.S..# #...@+
#...@# #....#
#....# #....#####
#...........
#..............
#..............
#................
.................


You could see Rupert (berserk), manyhoops's ghost (wandering) and an adder
(fleeing).

Vanquished Creatures
  Erica (D:8)
  2 unseen horrors
  A hill giant (D:10)
  Psyche (D:10)
  2 trolls
  2 two-headed ogres
  Grinder (D:4)
  A yak (D:7)
  2 wyverns
  Sigmund (D:4)
  A human (D:7)
  3 hippogriffs
  2 hungry ghosts
  A water moccasin (D:9)
  3 orc warriors
  4 sky beasts
  4 ice beasts
  An eye of draining (D:11)
  2 phantoms
  2 centaurs (D:8)
  The ghost of daning the Charmwright, an amateur HESk (D:4)
  2 big kobolds
  5 giant frogs
  4 scorpions
  13 wights
  3 crimson imps
  2 howler monkeys
  2 giant frog zombies
  2 centaur zombies
  2 jellies
  8 hounds
  6 orc priests
  3 giant frog skeletons
  A gnoll shaman (D:5)
  5 iguanas
  2 centaur skeletons
  Terence (D:2)
  Natasha (thrice) (D:2 D:4)
  12 orc wizards
  9 worker ants
  3 sheep (D:7)
  A killer bee zombie (D:11)
  A hound skeleton (D:10)
  A hound zombie (D:6)
  A worker ant zombie (D:11)
  3 gnolls (D:5)
  3 river rats (Sewer)
  9 adders
  2 shadow imps (D:9)
  3 oozes (D:2)
  An adder skeleton (D:9)
  2 adder zombies
  A worm (D:4)
  A dart slug (D:3)
  5 giant geckos
  32 orcs
  3 ball pythons
  9 bats
  9 giant cockroaches
  3 hobgoblins
  8 jackals
  6 quokkas
  14 giant newts
  7 goblins
  11 kobolds
  15 rats
277 creatures vanquished.

Notes
Turn   | Place    | Note
--------------------------------------------------------------
     0 | D:1      | protoss039 the Gargoyle Fighter began the quest for the Orb.
     0 | D:1      | Reached XP level 1. HP: 14/14 MP: 1/1
   188 | D:1      | Reached XP level 2. HP: 19/19 MP: 2/2
   704 | D:2      | Noticed Terence
   717 | D:2      | Killed Terence
   717 | D:2      | Reached XP level 3. HP: 24/24 MP: 3/3
   935 | D:2      | Reached XP level 4. HP: 25/29 MP: 4/4
  1099 | D:2      | Noticed Natasha
  1107 | D:2      | Killed Natasha
  1368 | D:2      | Found a sparkling altar of Nemelex Xobeh.
  1629 | D:3      | Reached XP level 5. HP: 31/33 MP: 5/5
  1685 | D:3      | Cast into level 1 of the Abyss (orc)
  1685 | Abyss:1  | Found a corrupted altar of Lugonu.
  1702 | Abyss:1  | Became a worshipper of Lugonu the Unformed
  1702 | Abyss:1  | Reached * piety under Lugonu
  1703 | D:3      | Escaped the Abyss
  1833 | D:3      | Found an iron altar of Okawaru.
  1970 | D:3      | Found a white marble altar of Elyvilon.
  2007 | D:3      | Reached skill level 3 in Maces & Flails
  2306 | D:4      | Found a shimmering altar of Xom.
  2308 | D:4      | Noticed Grinder
  2324 | D:4      | Killed Grinder
  2324 | D:4      | Reached skill level 5 in Shields
  2324 | D:4      | Reached XP level 6. HP: 33/40 MP: 4/6
  2389 | D:4      | Noticed daning's ghost (amateur HESk)
  2393 | D:4      | Noticed Natasha
  2397 | D:4      | Killed Natasha
  2397 | D:4      | Reached skill level 5 in Fighting
  2408 | D:4      | Noticed Natasha
  2418 | D:4      | Killed daning's ghost
  2418 | D:4      | Reached skill level 4 in Maces & Flails
  2418 | D:4      | Reached XP level 7. HP: 28/44 MP: 4/7
  2420 | D:4      | Killed Natasha
  2420 | D:4      | Reached skill level 5 in Armour
  2694 | D:4      | Noticed Sigmund
  2734 | D:4      | Killed Sigmund
  3050 | D:4      | Reached XP level 8. HP: 38/51 MP: 5/8
  3224 | D:5      | Entered Level 5 of the Dungeon
  3241 | D:5      | Reached ** piety under Lugonu
  3583 | D:5      | Reached skill level 5 in Maces & Flails
  3753 | D:5      | Reached skill level 1 in Invocations
  3948 | D:5      | Gained mutation: Your flesh is heat resistant. [mutagenic meat]
  3949 | D:5      | Gained mutation: You can translocate small distances at will. [mutagenic meat]
  3950 | D:5      | Gained mutation: You are dopey. (Int -2) [mutagenic meat]
  3952 | D:5      | Gained mutation: Your skin changes colour to match your surroundings (Stealth). [mutagenic meat]
  3953 | D:5      | Gained mutation: You have large cloven feet. [mutagenic meat]
  4630 | D:6      | Found a staircase to the Ecumenical Temple.
  4637 | D:6      | Found a blossoming altar of Fedhas.
  4736 | D:6      | Found Wuquc's Blasphemy Boutique.
  4789 | D:6      | Reached XP level 9. HP: 50/56 MP: 11/11
  4793 | D:6      | Found a glowing drain.
  4878 | Sewer    | Entered a sewer
  4972 | Sewer    | Reached *** piety under Lugonu
  5712 | D:6      | Found a shadowy altar of Dithmenos.
  6035 | D:5      | Reached skill level 6 in Maces & Flails
  6128 | D:6      | Reached **** piety under Lugonu
  6154 | Temple   | Entered the Ecumenical Temple
  6373 | D:6      | Found a basalt altar of Yredelemnul.
  6720 | D:6      | Bought a +0 vampiric dire flail for 196 gold pieces
  7194 | D:7      | Reached skill level 7 in Maces & Flails
  7665 | D:7      | Found a bloodstained altar of Trog.
  7987 | D:7      | Reached skill level 8 in Maces & Flails
  8260 | D:8      | Reached XP level 10. HP: 49/61 MP: 13/13
  8442 | D:8      | Noticed Erica
  8487 | D:8      | Killed Erica
  8487 | D:8      | Reached skill level 9 in Maces & Flails
  8607 | D:8      | Noticed an unseen horror
  8633 | D:8      | Killed an unseen horror
  8633 | D:8      | Reached skill level 10 in Maces & Flails
  8967 | D:8      | Found a burning altar of Makhleb.
  9067 | D:9      | Reached skill level 11 in Maces & Flails
  9472 | D:9      | Gained mutation: You have a pair of small horns on your head. [mutagenic meat]
  9474 | D:9      | Gained mutation: You have a beak for a mouth. [mutagenic meat]
  9475 | D:9      | Lost mutation: You have large cloven feet. [mutagenic meat]
  9663 | D:9      | Reached ***** piety under Lugonu
  9958 | D:10     | Entered Level 10 of the Dungeon
  9974 | D:10     | Noticed a hill giant
  9977 | D:10     | HP: 3/61 [hill giant/giant club (16)]
 10282 | D:10     | Killed a hill giant
 10282 | D:10     | Reached skill level 12 in Maces & Flails
 10282 | D:10     | Reached XP level 11. HP: 44/66 MP: 14/14
 10537 | D:10     | Found Anaask's Food Emporium.
 10687 | D:10     | Found a staircase to the Orcish Mines.
 10801 | D:10     | Noticed Psyche
 10813 | D:10     | Killed Psyche
 10914 | D:10     | Found a staircase to the Lair.
 11315 | D:11     | Noticed an unseen horror
 11345 | D:11     | Killed an unseen horror
 11345 | D:11     | Reached skill level 13 in Maces & Flails
 11619 | D:11     | Reached skill level 5 in Invocations
 11676 | D:12     | Noticed ThereIsNoGod's ghost (journeyman VSMo)
 11711 | D:12     | Noticed a deep elf mage
 11712 | D:12     | Noticed a deep elf mage
 11712 | D:12     | Noticed a deep elf mage
 11712 | D:12     | Noticed a deep elf mage
 11714 | D:12     | Noticed a deep elf mage
 11715 | D:12     | Noticed a deep elf mage
 11719 | D:12     | Noticed Rupert
 11719 | D:12     | Paralysed by Rupert for 6 turns
 11748 | D:12     | Noticed manyhoops's ghost (journeyman OgBe)
 11748 | D:12     | Annihilated by Rupert

Skill      XL: |  1  2  3  4  5  6  7  8  9 10 11 |
---------------+----------------------------------+-----
Shields        | 4 5 6 7 |  7.7
Armour         | 4 5 6 7 8 |  8.1
Fighting       | 4 5 6 |  6.8
Maces & Flails | 3 4 5 8 12 13 | 13.3
Invocations    | 3 4 5 |  5.0
Long Blades    | |  0.1
Evocations     | |  0.5

Action                   |  1- 3 |  4- 6 |  7- 9 | 10-12 || total
-------------------------+-------+-------+-------+-------++-------
Melee: Flail             |    92 |   162 |   729 |    51 ||  1034
       Kick              |       |       |   144 |    58 ||   202
       Scimitar          |       |       |       |   318 ||   318
       Headbutt          |       |       |       |    31 ||    31
       Peck              |       |       |       |    31 ||    31
       Dire flail        |       |       |       |    66 ||    66
Invok: Depart the Abyss  |       |     1 |       |       ||     1
       Bend Space        |       |       |     1 |       ||     1
 Abil: Blink             |       |       |     1 |     3 ||     4
Evoke: Wand              |       |       |       |     4 ||     4
  Use: Scroll            |     3 |     6 |    10 |     7 ||    26
       Potion            |       |     1 |     6 |     4 ||    11
  Eat: Chunk             |       |     4 |    24 |    13 ||    41
       Beef jerky        |       |     1 |     1 |     3 ||     5
       Pizza             |       |       |     1 |     1 ||     2
       Meat ration       |       |       |       |     3 ||     3
       Fruit             |       |       |       |     2 ||     2
Armor: Scale mail        |    52 |    69 |       |       ||   121
       Chain mail        |       |     8 |   320 |       ||   328
       Plate armour      |       |       |    94 |   376 ||   470
       Skin              |       |       |    18 |       ||    18
Dodge: Dodged            |    22 |    46 |   113 |    95 ||   276
Block: Shield            |    54 |    80 |   400 |   266 ||   800
